EVO
WICHITA STATE UNIVERSITY SHOCKERS @ WASHINGTON STATE UNIVERSITY COUGARS
08/31/2044
 
TOP OF THE 1ST
Wichita State University Shockers batting - Pitching for Washington State University Cougars : RHP Jalen Young
Pitching: RHP Jalen Young
Batting: RHB Jonathan Iniguez 0-0: Ball
1-0: Called Strike
1-1: Bunted foul
1-2: Ball
2-2: Fly out, F2 (Popup, 23F, EV 46.9 MPH)
Batting: RHB Taffounnout Kame 0-0: Ball
1-0: Ground out 6-3 (Groundball, 6, EV 101.9 MPH)
Batting: RHB Zach Maguire 0-0: Ball
1-0: Called Strike
1-1: Called Strike
1-2: Ball
2-2: Foul Ball, location: 2F
2-2: Fly out, F8 (Flyball, 78XD, EV 95.0 MPH)
Top of the 1st over - 0 runs, 0 hits, 0 errors, 0 left on base; Wichita State University 0 - Washington State University 0
BOTTOM OF THE 1ST
Washington State University Cougars batting - Pitching for Wichita State University Shockers : LHP Adam Schmidt
Pitching: LHP Adam Schmidt
Batting: RHB Gebre-Giorgios Wangondu 0-0: Foul Ball, location: 2F
0-1: Swinging Strike
0-2: Strikes out looking
Batting: RHB Melvin Durland 0-0: DOUBLE (Line Drive, 89XD, EV 107.5 MPH)
Batting: SHB Salvador Padilla 0-0: Ground out 6-3 (Groundball, 6, EV 84.4 MPH)
Melvin Durland to third
Batting: LHB Josh Aerni 0-0: Ground out 4-3 (Groundball, 34, EV 105.0 MPH)
Bottom of the 1st over - 0 runs, 1 hit, 0 errors, 1 left on base; Wichita State University 0 - Washington State University 0
TOP OF THE 2ND
Wichita State University Shockers batting - Pitching for Washington State University Cougars : RHP Jalen Young
Batting: LHB Sam Williams 0-0: Called Strike
0-1: Foul Ball, location: 2F
0-2: Fly out, F8 (Line Drive, 8RD, EV 109.4 MPH)
Batting: RHB Kieron Clark 0-0: Ball
1-0: Foul Ball, location: 2F
1-1: Fly out, F5 (Popup, 5SF, EV 69.4 MPH)
Batting: RHB Alex Campos 0-0: SINGLE (Groundball, 6M, EV 102.5 MPH)
Batting: SHB Houston Phillips 0-0: Ball
1-0: Called Strike
1-1: Ball
2-1: Ball
3-1: Foul Ball, location: 2F
3-2: Strikes out swinging
Top of the 2nd over - 0 runs, 1 hit, 0 errors, 1 left on base; Wichita State University 0 - Washington State University 0
BOTTOM OF THE 2ND
Washington State University Cougars batting - Pitching for Wichita State University Shockers : LHP Adam Schmidt
Batting: RHB David Martin 0-0: SOLO HOME RUN (Flyball, 7D, EV 101.3 MPH), Distance : 395 ft
Batting: SHB Steve DeRienzo 0-0: Called Strike
0-1: Ball
1-1: Ball
2-1: Foul Ball, location: 2F
2-2: Ground out 5-3 (Groundball, 56, EV 96.9 MPH)
Batting: RHB Johnny Lowe 0-0: Swinging Strike
0-1: Ball
1-1: Foul Ball, location: 2F
1-2: Ball
2-2: Fly out, F7 (Line Drive, 7, EV 104.4 MPH)
Batting: RHB Nick Deegan 0-0: Ball
1-0: Ground out 6-3 (Groundball, 6, EV 101.9 MPH)
Bottom of the 2nd over - 1 run, 1 hit, 0 errors, 0 left on base; Wichita State University 0 - Washington State University 1
TOP OF THE 3RD
Wichita State University Shockers batting - Pitching for Washington State University Cougars : RHP Jalen Young
Batting: RHB Caleb Wachtler 0-0: Called Strike
0-1: Ball
1-1: Ball
2-1: Swinging Strike
2-2: Strikes out swinging
Batting: RHB Yutaka Yamane 0-0: Fly out, F9 (Flyball, 9, EV 90.6 MPH)
Batting: RHB Jonathan Iniguez 0-0: Ball
1-0: Called Strike
1-1: Ball
2-1: Called Strike
2-2: Ball
3-2: Strikes out swinging
Top of the 3rd over - 0 runs, 0 hits, 0 errors, 0 left on base; Wichita State University 0 - Washington State University 1
BOTTOM OF THE 3RD
Washington State University Cougars batting - Pitching for Wichita State University Shockers : LHP Adam Schmidt
Batting: RHB Elmar Adenauer 0-0: Called Strike
0-1: Ball
1-1: Ball
2-1: Called Strike
2-2: Ball
3-2: Base on Balls
Batting: RHB Gebre-Giorgios Wangondu 0-0: Called Strike
0-1: Ball
1-1: Fielders Choice at 2nd, 6-4 (Groundball, 6M, EV 86.9 MPH)
Batting: RHB Melvin Durland 0-0: Ball
1-0: Ball
2-0: Called Strike
2-1: Grounds into double play, 1-4-3 (Groundball, 15S, EV 68.1 MPH)
Bottom of the 3rd over - 0 runs, 0 hits, 0 errors, 0 left on base; Wichita State University 0 - Washington State University 1
TOP OF THE 4TH
Wichita State University Shockers batting - Pitching for Washington State University Cougars : RHP Jalen Young
Batting: RHB Taffounnout Kame 0-0: Ball
1-0: Called Strike
1-1: Called Strike
1-2: Strikes out looking
Batting: RHB Zach Maguire 0-0: Ball
1-0: Swinging Strike
1-1: Foul Ball, location: 2F
1-2: DOUBLE (Flyball, 8RXD, EV 99.4 MPH)
Batting: LHB Sam Williams 0-0: Called Strike
0-1: Fly out, F8 (Line Drive, 8RD, EV 97.5 MPH)
Batting: RHB Kieron Clark 0-0: Swinging Strike
0-1: Foul Ball, location: 2F
0-2: Strikes out swinging
Top of the 4th over - 0 runs, 1 hit, 0 errors, 1 left on base; Wichita State University 0 - Washington State University 1
BOTTOM OF THE 4TH
Washington State University Cougars batting - Pitching for Wichita State University Shockers : LHP Adam Schmidt
Batting: SHB Salvador Padilla 0-0: Ball
1-0: Ball
2-0: Swinging Strike
2-1: Ground out U3 (Groundball, 23, EV 81.3 MPH)
Batting: LHB Josh Aerni 0-0: Ball
1-0: Fly out, F8 (Flyball, 89D, EV 94.4 MPH)
Batting: RHB David Martin 0-0: Ball
1-0: Fly out, F8 (Line Drive, 8LD, EV 97.5 MPH)
Bottom of the 4th over - 0 runs, 0 hits, 0 errors, 0 left on base; Wichita State University 0 - Washington State University 1
TOP OF THE 5TH
Wichita State University Shockers batting - Pitching for Washington State University Cougars : RHP Jalen Young
Batting: RHB Alex Campos 0-0: Ball
1-0: Fly out, F7 (Line Drive, 7, EV 93.8 MPH)
Batting: SHB Houston Phillips 0-0: Ball
1-0: Foul Ball, location: 2F
1-1: Swinging Strike
1-2: Ball
2-2: SINGLE (Line Drive, 78S, EV 93.8 MPH)
Batting: RHB Caleb Wachtler 0-0: Foul Ball, location: 2F
0-1: Swinging Strike
0-2: Ball
1-2: Foul Ball, location: 2F
1-2: Ground out 5-3 (Groundball, 5S, EV 69.4 MPH)
Houston Phillips to second
Batting: RHB Yutaka Yamane 0-0: Ball
1-0: Ball
2-0: Swinging Strike
2-1: Ball
3-1: Ground out 5-3 (Groundball, 56S, EV 85.0 MPH)
Top of the 5th over - 0 runs, 1 hit, 0 errors, 1 left on base; Wichita State University 0 - Washington State University 1
BOTTOM OF THE 5TH
Washington State University Cougars batting - Pitching for Wichita State University Shockers : LHP Adam Schmidt
Batting: SHB Steve DeRienzo 0-0: Called Strike
0-1: Foul Ball, location: 2F
0-2: Fly out, F3 (Line Drive, 3, EV 67.5 MPH)
Batting: RHB Johnny Lowe 0-0: Ball
1-0: Called Strike
1-1: Ball
2-1: Swinging Strike
2-2: Ball
3-2: Base on Balls
Batting: RHB Nick Deegan 0-0: Grounds into double play, 6-4-3 (Groundball, 56D, EV 85.6 MPH)
Bottom of the 5th over - 0 runs, 0 hits, 0 errors, 0 left on base; Wichita State University 0 - Washington State University 1
TOP OF THE 6TH
Wichita State University Shockers batting - Pitching for Washington State University Cougars : RHP Jalen Young
Batting: RHB Jonathan Iniguez 0-0: Foul Ball, location: 2F
0-1: Ball
1-1: Ball
2-1: Called Strike
2-2: Ground out 4-3 (Groundball, 4MD, EV 104.4 MPH)
Batting: RHB Taffounnout Kame 0-0: Called Strike
0-1: SINGLE (Groundball, 56D, EV 108.8 MPH)
Pitching: RHP Jordan Wyatt
Batting: RHB Zach Maguire 0-0: Foul Ball, location: 2F
0-1: Foul Ball, location: 2F
0-2: Foul Ball, location: 2F
0-2: Ball
1-2: Ball
2-2: Ball
3-2: 2-RUN HOME RUN (Flyball, 7LD, EV 91.9 MPH), Distance : 356 ft
Batting: LHB Sam Williams 0-0: Called Strike
0-1: Ball
1-1: Ball
2-1: Foul Ball, location: 2F
2-2: Ball
3-2: Foul Ball, location: 2F
3-2: SINGLE (Line Drive, 5D, EV 96.3 MPH)
Batting: RHB Kieron Clark 0-0: Called Strike
0-1: Fly out, F8 (Flyball, 78M, EV 90.6 MPH)
Batting: RHB Alex Campos 0-0: Ball
1-0: Called Strike
1-1: 2-RUN HOME RUN (Flyball, 7LD, EV 93.8 MPH), Distance : 354 ft
Pitching: LHP Erick Lugo
Batting: SHB Houston Phillips 0-0: Ball
1-0: Ball
2-0: Called Strike
2-1: SINGLE (Flyball, 5D, EV 100.0 MPH)
Batting: RHB Caleb Wachtler 0-0: Called Strike
0-1: SINGLE (Line Drive, 8RM, EV 106.9 MPH)
Houston Phillips to second
Batting: RHB Yutaka Yamane 0-0: Ball
1-0: Ball
2-0: Called Strike
2-1: SINGLE (Line Drive, 4D, EV 98.8 MPH)
Houston Phillips to third
Caleb Wachtler to second
Runner from 3rd tries for Home, throw by CF and OUT! 8-2
Top of the 6th over - 4 runs, 7 hits, 0 errors, 2 left on base; Wichita State University 4 - Washington State University 1
BOTTOM OF THE 6TH
Washington State University Cougars batting - Pitching for Wichita State University Shockers : LHP Adam Schmidt
Batting: RHB Elmar Adenauer 0-0: Ball
1-0: Ball
2-0: Ball
3-0: Called Strike
3-1: Foul Ball, location: 2F
3-2: SINGLE (Line Drive, 78S, EV 95.6 MPH)
Batting: RHB Gebre-Giorgios Wangondu 0-0: Fly out, F6 (Line Drive, 6, EV 66.3 MPH)
Batting: RHB Melvin Durland 0-0: Ball
1-0: Ball
2-0: Called Strike
2-1: Ball
3-1: Base on Balls
Elmar Adenauer to second
Batting: SHB Salvador Padilla 0-0: Ball
1-0: Fly out, F3 (Popup, 3F, EV 63.8 MPH)
Batting: LHB Josh Aerni 0-0: Fly out, F9 (Flyball, 9S, EV 89.4 MPH)
Bottom of the 6th over - 0 runs, 1 hit, 0 errors, 2 left on base; Wichita State University 4 - Washington State University 1
TOP OF THE 7TH
Wichita State University Shockers batting - Pitching for Washington State University Cougars : LHP Erick Lugo
Batting: RHB Jonathan Iniguez 0-0: Swinging Strike
0-1: Ball
1-1: Fly out, F9 (Flyball, 9D, EV 94.4 MPH)
Batting: RHB Taffounnout Kame 0-0: Called Strike
0-1: Foul Ball, location: 2F
0-2: Ball
1-2: Ball
2-2: Strikes out swinging
Batting: RHB Zach Maguire 0-0: Called Strike
0-1: Swinging Strike
0-2: Ball
1-2: Fly out, F9 (Flyball, 9, EV 89.4 MPH)
Top of the 7th over - 0 runs, 0 hits, 0 errors, 0 left on base; Wichita State University 4 - Washington State University 1
BOTTOM OF THE 7TH
Washington State University Cougars batting - Pitching for Wichita State University Shockers : LHP Adam Schmidt
Batting: RHB David Martin 0-0: Called Strike
0-1: Ball
1-1: Ball
2-1: SINGLE (Flyball, 8LS, EV 87.5 MPH) - OUT at second base trying to stretch hit.
Batting: SHB Steve DeRienzo 0-0: Fly out, F9 (Line Drive, 9, EV 101.3 MPH)
Batting: RHB Johnny Lowe 0-0: Ball
1-0: Foul Ball, location: 2F
1-1: Ball
2-1: Ball
3-1: Ground out 6-3 (Groundball, 6, EV 86.9 MPH)
Bottom of the 7th over - 0 runs, 1 hit, 0 errors, 0 left on base; Wichita State University 4 - Washington State University 1
TOP OF THE 8TH
Wichita State University Shockers batting - Pitching for Washington State University Cougars : LHP Erick Lugo
Pitching: RHP J.J. Maetzold
Batting: LHB Sam Williams 0-0: Ball
1-0: Ball
2-0: Ball
3-0: Base on Balls
Batting: RHB Kieron Clark 0-0: Foul Ball, location: 2F
0-1: Ball
1-1: Swinging Strike
1-2: Foul Ball, location: 2F
1-2: Ball
2-2: Ball
3-2: DOUBLE (Flyball, 89XD, EV 116.9 MPH)
Sam Williams to third
Batting: RHB Alex Campos 0-0: Intentional Walk
Batting: SHB Houston Phillips 0-0: Foul Ball, location: 2F
0-1: Called Strike
0-2: Ball
1-2: Foul Ball, location: 2F
1-2: Grounds into fielders choice U2 (Groundball, 13S, EV 70.6 MPH)
Kieron Clark to third
Alex Campos to second
Pitching: RHP Miguel de la Torre
Batting: RHB Caleb Wachtler 0-0: Called Strike
0-1: Ball
1-1: Ball
2-1: Called Strike
2-2: Foul Ball, location: 2F
2-2: Foul Ball, location: 2F
2-2: SINGLE (Groundball, 56, EV 90.0 MPH) (infield hit)
Kieron Clark scores
Alex Campos to third
Houston Phillips to second
Batting: RHB Yutaka Yamane 0-0: Ball
1-0: Foul Ball, location: 2F
1-1: Called Strike
1-2: Strikes out swinging
Batting: RHB Jonathan Iniguez 0-0: Ball
1-0: Ground out 4-3 (Groundball, 4, EV 83.1 MPH)
Top of the 8th over - 1 run, 2 hits, 0 errors, 3 left on base; Wichita State University 5 - Washington State University 1
BOTTOM OF THE 8TH
Washington State University Cougars batting - Pitching for Wichita State University Shockers : LHP Adam Schmidt
Pitching: LHP Frank Cota
Batting: RHB Nick Deegan 0-0: Ball
1-0: Ball
2-0: Called Strike
2-1: SINGLE (Groundball, 4MD, EV 111.9 MPH)
Batting: RHB Elmar Adenauer 0-0: Ball
1-0: Called Strike
1-1: Ball
2-1: Foul Ball, location: 2F
2-2: Strikes out swinging
Batting: RHB Gebre-Giorgios Wangondu 0-0: Swinging Strike
0-1: Ball
1-1: Ball
2-1: SINGLE (Groundball, 4MD, EV 103.8 MPH)
Nick Deegan to second
Batting: RHB Melvin Durland 0-0: Ball
1-0: Swinging Strike
1-1: Ball
2-1: Ball
3-1: Base on Balls
Nick Deegan to third
Gebre-Giorgios Wangondu to second
Batting: SHB Salvador Padilla 0-0: Fly out, F7 (Flyball, 7LS, EV 87.5 MPH)
Pinch Hitting: RHB Makoto Narita 0-0: Ball
1-0: Called Strike
1-1: Foul Ball, location: 2F
1-2: Ball
2-2: Fielders Choice at 2nd, 6-4 (Groundball, 6, EV 91.9 MPH)
Bottom of the 8th over - 0 runs, 2 hits, 0 errors, 3 left on base; Wichita State University 5 - Washington State University 1
TOP OF THE 9TH
Wichita State University Shockers batting - Pitching for Washington State University Cougars : RHP Miguel de la Torre
Pitching: RHP Gorgonio Sigua
Now at 1B: Larry Martell
Batting: RHB Taffounnout Kame 0-0: Ball
1-0: Foul Ball, location: 2F
1-1: Ground out 6-3 (Groundball, 6S, EV 65.6 MPH)
Batting: RHB Zach Maguire 0-0: Ground out 4-3 (Groundball, 4M, EV 99.4 MPH)
Batting: LHB Sam Williams 0-0: Called Strike
0-1: SINGLE (Line Drive, 56D, EV 96.9 MPH)
Batting: RHB Kieron Clark 0-0: Fielders Choice at 2nd, 6-4 (Groundball, 6, EV 80.0 MPH)
Top of the 9th over - 0 runs, 1 hit, 0 errors, 1 left on base; Wichita State University 5 - Washington State University 1
BOTTOM OF THE 9TH
Washington State University Cougars batting - Pitching for Wichita State University Shockers : LHP Frank Cota
Pitching: RHP Connor Payne
Batting: RHB David Martin 0-0: Fly out, F8 (Flyball, 8LD, EV 91.9 MPH)
Batting: SHB Steve DeRienzo 0-0: Ball
1-0: Ball
2-0: Ball
3-0: Called Strike
3-1: Base on Balls
Batting: RHB Johnny Lowe 0-0: Called Strike
0-1: Ball
1-1: Swinging Strike
1-2: Ball
2-2: Ball
3-2: Fly out, F8 (Flyball, 8RD, EV 73.8 MPH)
Batting: RHB Nick Deegan 0-0: Called Strike
0-1: Fielders Choice at 2nd, U6 (Groundball, 6M, EV 103.1 MPH)
Bottom of the 9th over - 0 runs, 0 hits, 0 errors, 1 left on base; Wichita State University 5 - Washington State University 1
Thursday, March 31st , 2022 - OOTP Baseball 22.12 Build 89